 Dungeon Crawl Stone Soup version 0.31-a0-986-g5e6e4ef867 (webtiles) character file.

Game seed: 4849258408988441937

79 sammy202020 the Ruffian (level 4, -4/33 HPs)
             Began as a Demonspawn Shapeshifter on Nov 14, 2023.
             Slain by Terence
             ... wielding a +5 short sword of venom
              (11 damage)
             ... on level 3 of the Dungeon.
             The game lasted 00:02:27 (1925 turns).

sammy202020 the Ruffian (Demonspawn Shapeshifter)   Turns: 1925, Time: 00:02:28

Health: -4/33      AC:  7    Str: 15 (16) XL:     4   Next: 17%
Magic:  4/4        EV: 19    Int:  8 (11) God:
Gold:   88         SH:  0    Dex: 14 (17) Spells: 3/3 levels left

rFire   + +          .
                       - Unarmed
rCold   + + .        (shield currently unavailable)
rNeg    + + +        h - melded +0 leather armour
rPois   ∞            (helmet currently unavailable)
rElec   +            (cloak currently unavailable)
rCorr   +            (gloves currently unavailable)
SInv    .            (boots currently unavailable)
Will    +....        (amulet currently unavailable)
Stlth   +++          (ring currently unavailable)
HPRegen 0.25/turn    (ring currently unavailable)
MPRegen 0.09/turn

%: no passive effects
@: confused, lethally poisoned (-4 -> -4), wisp-form (expiring), ambrosia-drunk,
enlightened, flying
A: insubstantial, flying, no casting, tiny, thin skeletal structure 2, (spiny 1)
a: no special abilities


You were on level 3 of the Dungeon.
You were an insubstantial wisp.
You visited 1 branch of the dungeon, and saw 3 of its levels.

You collected 88 gold pieces.

Inventory:

Armour
 a - a +0 animal skin
 h - a +0 leather armour (melded)
 i - a +0 pair of boots
Jewellery
 g - a ring of wizardry
Talismans
 c - a beast talisman
 d - a flux talisman
Scrolls
 l - a scroll of teleportation {unknown}
 m - 2 scrolls of identify {unknown}
 n - a scroll of poison {unknown}
Potions
 b - 3 potions of lignification
 e - a potion of enlightenment
 f - a potion of degeneration
 k - 3 potions of brilliance {unknown}


   Skills:
 * Level 2.1 Fighting
 + Level 0.6 Armour
 + Level 2.1 Dodging
 * Level 3.3 Unarmed Combat
 * Level 3.1 Shapeshifting


You had 3 spell levels left.
You didn't know any spells.
Your spell library contained the following spells:

 Spells                   Type           Power      Damage    Failure   Level
 Magic Dart               Conj           0%         1d3       41%         1
 Sting                    Tmut/Pois      0%         1d3       41%         1
 Lesser Beckoning         Tloc           0%         N/A       54%         2
 Searing Ray              Conj           0%         2d4       54%         2
 Gell's Gravitas          Tloc           0%         N/A       78%         3
 Ozocubu's Armour         Ice            0%         N/A       78%         3
 Teleport Other           Tloc           0%         N/A       78%         3
 Fulminant Prism          Conj/Hex       0%         3d5       99%         4
 Irradiate                Conj/Tmut      0%         3d11      100%        5


Dungeon Overview and Level Annotations

Branches:
Dungeon (3/15)

Altars:

Shops:
D:2 *

Annotations:
D:3 Terence


Innate Abilities, Weirdness & Mutations

You are an insubstantial wisp.
Your tiny insubstantial body is highly resistant to most damage types.
You are flying.
Your equipment is entirely melded.
You are incapable of wielding weapons or throwing items.
You cannot cast spells.
You have a moderately thin skeletal structure. (Dex +4, Stealth++)
((You are partially covered in sharp spines.))


Message History

You are too injured to fight recklessly!
You are too injured to fight recklessly!
You are too injured to fight recklessly!
You are too injured to fight recklessly!
You are too injured to fight recklessly!
You are too injured to fight recklessly!
You are too injured to fight recklessly!
You are too injured to fight recklessly!
You are too injured to fight recklessly!
You are too injured to fight recklessly!
You are too injured to fight recklessly!
You are too injured to fight recklessly!
You touch Terence.
Terence is heavily wounded.
Terence hits you with a +5 short sword of venom.
* * * LOW HITPOINT WARNING * * *
You barely miss Terence.
Terence is heavily wounded.
Terence hits you with a +5 short sword of venom.
* * * LOW HITPOINT WARNING * * *
It was a potion of enlightenment.
You feel more buoyant.
Terence hits you with a +5 short sword of venom.
* * * LOW HITPOINT WARNING * * *
It was a potion of degeneration.
There was something very wrong with that liquid.
You feel weakened.
You feel dopey.
You feel clumsy.
Your transformation is almost over.
Terence misses you.
It was a potion of ambrosia.
You are confused.
You feel invigorated. Terence completely misses you.
You completely miss Terence.
Terence is heavily wounded.
Terence hits you with a +5 short sword of venom!
* * * LOW HITPOINT WARNING * * *
You touch Terence.
Terence is heavily wounded.
Terence hits you with a +5 short sword of venom!
You die...

#.....†......... #.
#...........##### .#
#.......###.#.... ..
#.......##......# #.#
#.......##......#
#..###########......#
#.r #......# #@####
#......# #.v..#
######## ####.# #.###
#...## ###..# ##.##
#..#### ##....####
####....#


You could see Terence and a quokka.

Vanquished Creatures
  2 adders
  2 dart slugs (D:1)
  4 bats
  6 endoplasms
  4 giant cockroaches
  8 goblins
  A hobgoblin (D:2)
  2 jackals (D:2)
  7 kobolds
  2 quokkas (D:2)
  5 ball pythons
  12 rats
55 creatures vanquished.

Notes
Turn   | Place    | Note
-------+----------+-------------------------------------------
     0 | D:1      | sammy202020 the Demonspawn Shapeshifter began the quest for
                  | the Orb.
     0 | D:1      | Reached XP level 1. HP: 15/15 MP: 1/1
    18 | D:1      | You fall into a shaft and drop 1 floor!
   239 | D:1      | Gained mutation: You are partially covered in sharp spines.
                  | [demonic ancestry]
   239 | D:1      | Reached XP level 2. HP: 14/21 MP: 2/2
   408 | D:1      | Got the Monograph on Frostbound Forms
   636 | D:1      | Gained mutation: You have a somewhat thin skeletal
                  | structure. (Dex +2, Stealth+) [demonic ancestry]
   636 | D:1      | Reached XP level 3. HP: 26/27 MP: 3/3
   790 | D:2      | Found a faded altar of an unknown god.
  1123 | D:2      | Found Zidynum's Assorted Antiques.
  1768 | D:3      | Gained mutation: You have a moderately thin skeletal
                  | structure. (Dex +4, Stealth++) [demonic ancestry]
  1768 | D:3      | Reached XP level 4. HP: 33/33 MP: 4/4
  1902 | D:3      | Noticed Terence
  1925 | D:3      | Slain by Terence

Illustrated notes

Levels and vault maps discovered:
D:1:      sevenhm_arrival_forest_fort_small_3, layout_basic
D:2:      layout_loops_corners, serial_shops, nicolae_lakefront_shop,
          shapermc_ecumenical_altar_totnotflames
D:3:      layout_basic, uniq_terence

Skill      XL: |  1  2  3 |
---------------+----------+-----
Unarmed Combat | 3 |  3.3
Dodging        | 2 |  2.1
Shapeshifting  | 3 |  3.1
Fighting       | 2 |  2.1
Armour         | |  0.6

Action                     |  1- 3 |  4- 6 || total
---------------------------+-------+-------++-------
  Melee: Unarmed           |   107 |    24 ||   131
         Punch             |     2 |       ||     2
    Use: Scroll            |     3 |       ||     3
         Potion            |       |     3 ||     3
   Stab: Sleeping          |     6 |     1 ||     7
 Armour: Animal skin       |    32 |       ||    32
         Leather armour    |    12 |     3 ||    15
         Skin              |       |     8 ||     8
  Dodge: Dodged            |    56 |    10 ||    66

Table legend: (Time is in decaauts)
 A = Elapsed time spent in this place.
 B = Non-inter-level travel time spent in this place.
 C = Inter-level travel time spent in this place.
 D = Time resting spent in this place.
 E = Time spent auto-exploring this place.
 F = Levels seen in this place.
 G = Mean time per level.
                   A        B        C        D        E       F      G
               +--------+--------+--------+--------+--------+-----+--------+
         Total |   1917 |   1917 |      0 |      0 |   1513 |   3 |  639.0 |
       Dungeon |   1917 |   1917 |      0 |      0 |   1513 |   3 |  639.0 |
               +--------+--------+--------+--------+--------+-----+--------+

Top non-repeatable levels by time:
     D:2: 1010 daAuts
     D:1: 661 daAuts
     D:3: 245 daAuts
